cohdb
Replays
Latest Replays
All Replays
Popular Replays
Top Player Replays
Match Explorer
How It Works
Community
CoH3 Stats
Reddit
Sign in to upload your games and track your stats! →
Sign in with Steam
Match 43279951
Unlisted
Match 43279951
Overview
Messages
Build Orders
End
Royal Engineer Section
Construct Section Command Post
Dingo Light Scout Car
Infantry Section
Infantry Section
Construct Platoon Command Post
Selects Indian Artillery Battlegroup
Selects Valour
Humber Armored Car
Unlock Bishop Self-propelled Artillery
Selects Gurkha Rifles Section
Gurkha Rifles Section
Bishop Self-propelled Artillery
Selects Artillery Saturation
Gurkha Rifles Section
Selects Off-map Airburst Barrage
Bishop Self-propelled Artillery
Tok3n x Operator
Koslov
4ani
six7888
0
0
Comments
sign in to comment!
No comments posted yet!